 Dungeon Crawl Stone Soup version bcrawl-1.39.1 (webtiles) character file.

Game seed: 7825608827840877010

247963 Finalfun the Insei (level 9, 0/66 HPs)
             Began as a Gnoll Transmuter on Sept 21, 2023.
             Was a Follower of Qazlal.
             Slain by a killer bee (4 damage)
             ... on level 7 of the Dungeon.
             The game lasted 00:20:48 (5892 turns).

Finalfun the Insei (Gnoll Transmuter)               Turns: 5892, Time: 00:20:49

Health: 0/66       AC:  6    Str: 16    XL:     9   Next: 10%
Magic:  0/18       EV: 15    Int: 15    God:    Qazlal [*.....]
Gold:   165        SH:  2    Dex: 16    Spells: 17/20 levels left

rFire    + . .     GDR:     31%   - Fists (13.3)
rCold    . . .     SeeInvis .   (no shield)
rNeg     . . .     Gourm    .   y - +1 leather armour {rF+}
rPois    .         Faith    .   l - +2 hat {MR+}
rElec    .         Spirit   +   (no cloak)
rCorr    .         Reflect  .   (no gloves)
MR       +....                  (no boots)
Stlth    ++........             z - amulet of guardian spirit
HPRegen  0.21/turn              (no ring)
MPRegen  0.16/turn              (no ring)

@: lethally poisoned (0 -> -4), hasted, very quick
A: distributed training, fangs 1, strong nose
a: Renounce Religion


You were on level 7 of the Dungeon.
You worshipped Qazlal.
Qazlal was aware of your devotion.
You were not hungry.

You visited 1 branch of the dungeon, and saw 7 of its levels.

You collected 500 gold pieces.
You spent 335 gold pieces at shops.

Inventory:

Hand Weapons
 B - the +7 Singing Sword {slice}
   (You found it on level 7 of the Dungeon)

   It will always inflict at least some extra damage.
   This minimum extra damage increases with your current reserve of magical
   power.
Missiles
 a - 591 arrows
Armour
 b - a +0 robe
 l - a +2 hat of magic resistance (worn)
 n - a +0 scale mail
 s - a +0 large shield
 y - a +1 leather armour of fire resistance (worn)
Jewellery
 f - an uncursed ring of flight
 x - an uncursed amulet of rage
 z - an amulet of guardian spirit (around neck)
Wands
 u - a wand of flame (6)
 A - a wand of polymorph (5)
Scrolls
 i - 3 scrolls of identify
 k - a scroll of enchant armour
 m - 2 scrolls of fog
 o - 2 scrolls of noise
 r - 7 scrolls of remove curse
 t - a scroll of teleportation
 w - a scroll of blinking {unknown}
 C - a scroll of amnesia {unknown}
 F - a scroll of vulnerability {unknown}
Potions
 c - a potion of agility
 d - a potion of lignification
 g - 3 potions of heal wounds
 h - 2 potions of cancellation
 j - a potion of berserk rage {unknown}
 p - 2 potions of curing
 q - a potion of brilliance {unknown}
 v - 2 potions of haste
 E - 3 potions of mutation {unknown}
Comestibles
 e - 8 rations {!d}
 D - a chunk of flesh


   Skills:
 + Level 4.7 Fighting
 + Level 3.8 Short Blades
 + Level 3.8 Long Blades
 + Level 3.8 Axes
 + Level 3.8 Maces & Flails
 + Level 3.8 Polearms
 + Level 3.8 Staves
 + Level 3.8 Slings
 + Level 3.8 Bows
 + Level 3.8 Crossbows
 + Level 3.8 Throwing
 + Level 3.8 Armour
 + Level 6.0 Dodging
 + Level 3.8 Stealth
 + Level 3.8 Shields
 + Level 7.6 Unarmed Combat
 + Level 6.3 Spellcasting
 + Level 3.1 Conjurations
 + Level 3.1 Hexes
 + Level 3.1 Charms
 + Level 3.1 Summonings
 + Level 3.1 Necromancy
 + Level 3.1 Translocations
 + Level 5.0 Transmutations
 + Level 3.1 Fire Magic
 + Level 3.1 Ice Magic
 + Level 3.1 Air Magic
 + Level 3.1 Earth Magic
 + Level 3.1 Poison Magic
 + Level 4.2 Invocations
 + Level 3.8 Evocations


You had 17 spell levels left.
You knew the following spells:

 Your Spells              Type           Power        Failure   Level  Hunger
a - Beastly Appendage     Tmut           ###...       2%          1    None
b - Sticks to Snakes      Tmut           ###.....     3%          2    None

Your spell library contained the following spells:

 Spells                   Type           Power        Failure   Level  Hunger
 Throw Frost              Conj/Ice       ##....       2%          2    None
 Freeze                   Ice            ##....       4%          1    None
 Passwall                 Tmut/Erth      ###.....     4%          2    None
 Spider Form              Tmut/Pois      ###          10%         3    #......
 Ozocubu's Armour         Chrm/Ice       ##......     14%         3    #......
 Ice Form                 Ice/Tmut       ###.....     30%         4    ####...
 Summon Ice Beast         Ice/Summ       ##......     41%         4    ####...
 Throw Icicle             Conj/Ice       ##......     41%         4    ####...
 Blade Hands              Tmut           ###.......   52%         5    #####..


Dungeon Overview and Level Annotations

Branches:
Dungeon (7/12)             Temple (0/1) D:5
   Lair: D:7-9

Altars:
Cheibriados
Dithmenos
Gozag
Kikubaaqudgha
Okawaru
Qazlal
Yredelemnul

Shops:
D:5 !

Annotations:
D:6 exclusions: door and sky beast, Sigmund


Innate Abilities, Weirdness & Mutations

Your experience applies equally to all skills.
You have very sharp teeth.
Your uncanny sense of smell can sniff out nearby items.


Message History

Your water moccasin closely misses the killer bee.
The killer bee barely misses you.
The killer bee is engulfed in blazing flames.
The killer bee barely misses you. The killer bee misses you.
Your water moccasin bites the killer bee.
The killer bee is poisoned.
Your water moccasin poisons the killer bee!
You feel yourself speed up.
You feel sick. The killer bee stings you.
* * * LOW HITPOINT WARNING * * *
The killer bee is engulfed in blazing flames.
You kill the killer bee!
Qazlal accepts your kill. The killer bee stings you.
* * * LOW HITPOINT WARNING * * *
Your water moccasin bites the killer bee.
The killer bee stings you.
* * * LOW HITPOINT WARNING * * *
Your water moccasin barely misses the killer bee.
The killer bee stings you.
You die...

....... ..... ............# #..#
...... ....... #..........###...
...#.......... ##.....##.......<.
..####........##......#....<.....
..##...... .............##.......
..#....... .......>....######.##
......# ...###...S.....# ###
......# #.#...y○y......# .....###
......S@...##.## .......#
##........##...# .......#
#...###.....##.# .......##....
#....!.....
......................._##
#........#.#####...######
†.......## ##..# )###.#### ##.#
.#.....# #.#


You could see 2 killer bees and 2 friendly water moccasins.

Vanquished Creatures
  A komodo dragon (D:7)
  3 hippogriffs (D:7)
  A gnoll sergeant (D:7)
  A water moccasin zombie (D:7)
  2 centaurs (D:7)
  3 scorpions
  A killer bee (D:7)
  3 crimson imps (D:4)
  A hound (D:4)
  A jelly (D:7)
  An orc wizard (D:7)
  An iguana (D:7)
  2 worker ants
  A hound skeleton (D:7)
  5 gnolls
  A worker ant zombie (D:7)
  9 adders
  3 shadow imps
  An ooze (D:2)
  3 worms
  2 dart slugs (D:2)
  6 orcs
  3 bat zombies (D:5)
  3 giant cockroaches
  2 goblins (D:1)
  5 hobgoblins
  2 jackals (D:7)
  9 kobolds
  4 quokkas
  2 ball pythons
  11 bats
  5 frilled lizards
  3 jackal skeletons
  A quokka skeleton (D:5)
  2 rats
  A rat zombie (D:5)
105 creatures vanquished.

Vanquished Creatures (collateral kills)
  A scorpion (D:7)
  A hound (D:4)
  Ijyb (D:5)
  An orc wizard (D:7)
  An iguana (D:7)
  2 gnolls (D:7)
  A jackal skeleton (D:4)
  A rat (D:2)
9 creatures vanquished.

Vanquished Creatures (others)
  8 fungi (D:7)
  13 plants (D:7)
21 creatures vanquished.

Grand Total: 135 creatures vanquished

Notes
Turn   | Place    | Note
-------+----------+-------------------------------------------
     0 | D:1      | Finalfun the Gnoll Transmuter began the quest for the Orb.
     0 | D:1      | Reached XP level 1. HP: 17/17 MP: 6/6
   298 | D:1      | Reached XP level 2. HP: 23/23 MP: 5/7
   485 | D:1      | Learned a level 2 spell: Sticks to Snakes
  1279 | D:2      | Reached XP level 3. HP: 22/28 MP: 7/9
  1381 | D:2      | Reached skill level 5 in Spellcasting
  1419 | D:2      | Found a snail-covered altar of Cheibriados.
  1828 | D:3      | Reached skill level 1 in Invocations
  2038 | D:3      | Reached skill level 1 in Short Blades
  2038 | D:3      | Reached skill level 1 in Long Blades
  2038 | D:3      | Reached skill level 1 in Axes
  2038 | D:3      | Reached skill level 1 in Maces & Flails
  2038 | D:3      | Reached skill level 1 in Polearms
  2038 | D:3      | Reached skill level 1 in Staves
  2038 | D:3      | Reached skill level 1 in Slings
  2038 | D:3      | Reached skill level 1 in Bows
  2038 | D:3      | Reached skill level 1 in Crossbows
  2038 | D:3      | Reached skill level 1 in Throwing
  2038 | D:3      | Reached skill level 1 in Armour
  2038 | D:3      | Reached skill level 1 in Stealth
  2038 | D:3      | Reached skill level 1 in Shields
  2038 | D:3      | Reached skill level 1 in Evocations
  2038 | D:3      | Reached XP level 4. HP: 34/34 MP: 11/11
  2807 | D:4      | Reached skill level 1 in Conjurations
  2807 | D:4      | Reached skill level 1 in Hexes
  2807 | D:4      | Reached skill level 1 in Charms
  2807 | D:4      | Reached skill level 1 in Summonings
  2807 | D:4      | Reached skill level 1 in Necromancy
  2807 | D:4      | Reached skill level 1 in Translocations
  2807 | D:4      | Reached skill level 1 in Fire Magic
  2807 | D:4      | Reached skill level 1 in Ice Magic
  2807 | D:4      | Reached skill level 1 in Air Magic
  2807 | D:4      | Reached skill level 1 in Earth Magic
  2807 | D:4      | Reached skill level 1 in Poison Magic
  2818 | D:4      | Reached XP level 5. HP: 21/40 MP: 6/12
  3094 | D:4      | Reached XP level 6. HP: 34/47 MP: 11/13
  3368 | D:5      | Entered Level 5 of the Dungeon
  3372 | D:5      | Reached skill level 5 in Dodging
  3458 | D:5      | Found a basalt altar of Yredelemnul.
  3460 | D:5      | Found a stormy altar of Qazlal.
  3470 | D:5      | Became a worshipper of Qazlal Stormbringer
  3479 | D:5      | Found a staircase to the Ecumenical Temple.
  3549 | D:5      | Found Hohicr Puti's Distillery.
  3553 | D:5      | Bought a potion of degeneration for 10 gold pieces
  3553 | D:5      | Bought 2 potions of haste for 200 gold pieces
  3553 | D:5      | Bought a potion of haste for 100 gold pieces
  3553 | D:5      | Bought a potion of curing for 25 gold pieces
  3586 | D:5      | Found a shadowy altar of Dithmenos.
  3632 | D:5      | Found an ancient bone altar of Kikubaaqudgha.
  3692 | D:5      | Noticed a two-headed ogre
  3692 | D:5      | Noticed Ijyb
  3725 | D:5      | Killed Ijyb
  4632 | D:6      | Noticed a sky beast
  4737 | D:6      | Noticed Sigmund
  5131 | D:7      | Found an opulent altar of Gozag.
  5153 | D:7      | Reached XP level 7. HP: 52/52 MP: 13/15
  5167 | D:7      | Noticed a hippogriff
  5168 | D:7      | Noticed a hippogriff
  5182 | D:7      | Killed a hippogriff
  5183 | D:7      | Reached skill level 7 in Unarmed Combat
  5201 | D:7      | Killed a hippogriff
  5206 | D:7      | Reached XP level 8. HP: 39/60 MP: 3/16
  5343 | D:7      | Reached * piety under Qazlal
  5444 | D:7      | Noticed a hippogriff
  5455 | D:7      | Killed a hippogriff
  5680 | D:7      | Found the +7 Singing Sword {slice}
  5727 | D:7      | Noticed a komodo dragon
  5737 | D:7      | Killed a komodo dragon
  5738 | D:7      | Reached skill level 5 in Transmutations
  5738 | D:7      | Reached XP level 9. HP: 49/66 MP: 7/18
  5867 | D:7      | Found an iron altar of Okawaru.
  5892 | D:7      | Slain by a killer bee

Skill      XL: |  1  2  3  4  5  6  7  8 |
---------------+-------------------------+-----
Spellcasting   | 5 6 |  6.3
Invocations    | 1 2 3 4 |  4.2
Short Blades   | 1 2 3 |  3.8
Long Blades    | 1 2 3 |  3.8
Axes           | 1 2 3 |  3.8
Maces & Flails | 1 2 3 |  3.8
Polearms       | 1 2 3 |  3.8
Staves         | 1 2 3 |  3.8
Slings         | 1 2 3 |  3.8
Bows           | 1 2 3 |  3.8
Crossbows      | 1 2 3 |  3.8
Throwing       | 1 2 3 |  3.8
Armour         | 1 2 3 |  3.8
Stealth        | 1 2 3 |  3.8
Shields        | 1 2 3 |  3.8
Evocations     | 1 2 3 |  3.8
Conjurations   | 1 2 3 |  3.1
Hexes          | 1 2 3 |  3.1
Charms         | 1 2 3 |  3.1
Summonings     | 1 2 3 |  3.1
Necromancy     | 1 2 3 |  3.1
Translocations | 1 2 3 |  3.1
Fire Magic     | 1 2 3 |  3.1
Ice Magic      | 1 2 3 |  3.1
Air Magic      | 1 2 3 |  3.1
Earth Magic    | 1 2 3 |  3.1
Poison Magic   | 1 2 3 |  3.1
Fighting       | 3 4 |  4.7
Transmutations | 4 5 |  5.0
Dodging        | 5 6 |  6.0
Unarmed Combat | 7 |  7.6

Action                   |  1- 3 |  4- 6 |  7- 9 || total
-------------------------+-------+-------+-------++-------
Melee: Unarmed           |    76 |   109 |   118 ||   303
       Kick              |    11 |    19 |    22 ||    52
       Punch             |     1 |     3 |     4 ||     8
       Bite              |     3 |    13 |    13 ||    29
 Cast: Beastly Appendage |    23 |    16 |     6 ||    45
       Sticks to Snakes  |     3 |    20 |    26 ||    49
  Use: Scroll            |     5 |     4 |     1 ||    10
       Potion            |       |       |     4 ||     4
 Stab: Sleeping          |       |     3 |       ||     3
  Eat: Chunk             |     5 |     7 |     5 ||    17
       Ration            |       |     2 |       ||     2
Armor: Robe              |    16 |    15 |       ||    31
       Scale mail        |       |    12 |       ||    12
       Skin              |       |       |    28 ||    28
       Leather armour    |       |       |    42 ||    42
Dodge: Dodged            |    55 |    60 |   127 ||   242
Block: Large shield      |       |     8 |       ||     8
       Other             |       |       |     6 ||     6
